[ AOE2 MATCH · #465375979 ]
Team RMBerbers vs Portuguese
[ REPLAY ANALYSIS · EXTRACTED FROM THE RECORDED GAME ]
Feudal
12:07
Castle
16:55
Imperial
41:50
| APM avg | 35.5 |
| APM peak | 100 |
| eAPM avg | 19.4 |
| Villagers / military | 119 / 162 |
Focus
⚔️ 31.1% · 🌾 68.9%
Knight ×162 · Trade Cart ×4
Feudal
18:36
Castle
22:39
Imperial
27:58
| APM avg | 15.3 |
| APM peak | 48 |
| eAPM avg | 11.5 |
| Villagers / military | 122 / 203 |
Focus
⚔️ 29.5% · 🌾 70.5%
Spearman ×125 · Hand Cannoneer ×52 · Mangonel ×15 · Bombard Cannon ×11
Feudal
11:44
Castle
17:20
Imperial
28:04
| APM avg | 16.6 |
| APM peak | 89 |
| eAPM avg | 9.9 |
| Villagers / military | 67 / 7 |
Focus
⚔️ 13.4% · 🌾 86.6%
Huskarl ×3 · Mangonel ×2 · Spearman ×2
Feudal
9:46
Castle
18:03
Imperial
29:41
| APM avg | 13.5 |
| APM peak | 41 |
| eAPM avg | 11.1 |
| Villagers / military | 99 / 119 |
Focus
⚔️ 40.7% · 🌾 59.3%
Ballista Elephant ×83 · Spearman ×32 · Trade Cart ×7 · Trebuchet (Packed) ×3 · Monk ×1
Feudal
10:43
Castle
14:38
Imperial
36:22
| APM avg | 35.4 |
| APM peak | 76 |
| eAPM avg | 16.8 |
| Villagers / military | 106 / 105 |
Focus
⚔️ 29.5% · 🌾 70.5%
Skirmisher ×67 · Conquistador ×21 · Mangonel ×7 · Petard ×6 · Monk ×2 · Trebuchet (Packed) ×2
Feudal
12:19
Castle
16:22
Imperial
39:10
| APM avg | 23.8 |
| APM peak | 60 |
| eAPM avg | 14.2 |
| Villagers / military | 88 / 124 |
Focus
⚔️ 34.0% · 🌾 66.0%
Hussite Wagon ×48 · Hand Cannoneer ×33 · Battering Ram ×32 · Trade Cart ×12 · Bombard Cannon ×11
Feudal
11:38
Castle
16:48
Imperial
29:50
| APM avg | 16.6 |
| APM peak | 46 |
| eAPM avg | 12.5 |
| Villagers / military | 165 / 117 |
Focus
⚔️ 18.5% · 🌾 81.5%
Skirmisher ×104 · Mangonel ×8 · Battle Elephant ×4 · Monk ×1
Feudal
12:03
Castle
19:59
Imperial
—
| APM avg | 18.3 |
| APM peak | 49 |
| eAPM avg | 11.2 |
| Villagers / military | 85 / 77 |
Focus
⚔️ 36.1% · 🌾 63.9%
Cataphract ×37 · Spearman ×35 · Battering Ram ×3 · Mangonel ×2
Match map
Initial resources + every placement click. Lines = walls · curves = elevation contours. ◆ gold · ⬟ stone · ● berries · ✦ relic · ◌ wall gap
Inputs per minute
— fru1tyJuice - - BALROG
Build order — fru1tyJuice
First 150 of 412 actions detected
| 0:05 | Build | House |
| 0:09 | Build | House |
| 0:10 | Create | Villager (Male) |
| 0:10 | Create | Villager (Male) |
| 0:11 | Create | Villager (Male) |
| 0:11 | Create | Villager (Male) |
| 0:11 | Create | Villager (Male) |
| 1:50 | Create | Villager (Male) |
| 1:53 | Build | Lumber Camp |
| 2:13 | Create | Villager (Male) |
| 3:00 | Create | Villager (Male) |
| 3:18 | Create | Villager (Male) |
| 3:18 | Create | Villager (Male) |
| 3:52 | Create | Villager (Male) |
| 3:52 | Create | Villager (Male) |
| 3:58 | Build | House |
| 4:16 | Create | Villager (Male) |
| 4:42 | Create | Villager (Male) |
| 4:42 | Create | Villager (Male) |
| 4:55 | Build | Mill |
| 5:11 | Create | Villager (Male) |
| 5:45 | Create | Villager (Male) |
| 5:45 | Create | Villager (Male) |
| 5:46 | Create | Villager (Male) |
| 6:45 | Build | House |
| 6:54 | Build | Mining Camp |
| 6:57 | Create | Villager (Male) |
| 7:18 | Create | Villager (Male) |
| 7:19 | Create | Villager (Male) |
| 7:19 | Create | Villager (Male) |
| 9:07 | Create | Villager (Male) |
| 9:07 | Create | Villager (Male) |
| 9:29 | Research | Feudal Age |
| 10:08 | Build | Barracks |
| 10:13 | Build | House |
| 10:23 | Build | Mill |
| 10:52 | Create | Villager (Male) |
| 12:01 | Build | Farm |
| 12:07 | Age | Feudal Age |
| 12:08 | Build | Farm |
| 12:17 | Build | Farm |
| 12:27 | Create | Villager (Male) |
| 12:27 | Create | Villager (Male) |
| 12:46 | Build | Market |
| 13:00 | Build | Blacksmith |
| 13:25 | Create | Villager (Male) |
| 13:26 | Create | Villager (Male) |
| 13:36 | Build | House |
| 13:52 | Research | Castle Age |
| 14:42 | Build | Stable |
| 14:54 | Build | House |
| 15:03 | Research | Horse Collar |
| 15:06 | Research | Double-Bit Axe |
| 15:43 | Build | Farm |
| 15:46 | Build | Farm |
| 15:56 | Build | Farm |
| 16:42 | Build | Lumber Camp |
| 16:55 | Age | Castle Age |
| 17:15 | Build | Town Center |
| 17:23 | Create | Villager (Male) |
| 17:28 | Create | Villager (Male) |
| 17:46 | Build | Stable |
| 17:55 | Build | Farm |
| 18:06 | Create | Villager (Male) |
| 18:08 | Research | Husbandry |
| 18:09 | Research | Bloodlines |
| 18:21 | Build | Farm |
| 18:32 | Research | Heavy Plow |
| 18:36 | Create | Villager (Male) |
| 18:45 | Build | Farm |
| 19:01 | Create | Villager (Male) |
| 19:02 | Create | Villager (Male) |
| 19:07 | Build | Farm |
| 19:09 | Build | Farm |
| 19:13 | Build | Farm |
| 19:15 | Create | Villager (Male) |
| 19:18 | Build | Farm |
| 19:19 | Create | Villager (Male) |
| 19:37 | Build | House |
| 19:38 | Build | House |
| 19:49 | Create | Villager (Male) |
| 19:53 | Build | Farm |
| 19:55 | Build | Farm |
| 19:57 | Create | Villager (Male) |
| 20:10 | Create | Knight |
| 20:11 | Create | Knight |
| 20:11 | Create | Knight |
| 20:24 | Build | Stable |
| 20:42 | Create | Knight |
| 20:42 | Create | Knight |
| 20:42 | Create | Knight |
| 20:42 | Create | Knight |
| 20:55 | Create | Knight |
| 20:55 | Create | Knight |
| 21:09 | Build | Stable |
| 21:12 | Create | Villager (Male) |
| 21:13 | Create | Villager (Male) |
| 21:21 | Build | Farm |
| 21:24 | Build | Farm |
| 21:29 | Build | Farm |
| 21:34 | Create | Villager (Male) |
| 21:35 | Create | Villager (Male) |
| 21:37 | Research | Loom |
| 21:40 | Create | Villager (Male) |
| 21:44 | Build | Mining Camp |
| 21:47 | Create | Villager (Male) |
| 21:58 | Create | Knight |
| 21:59 | Create | Knight |
| 22:12 | Create | Knight |
| 22:12 | Create | Knight |
| 22:12 | Create | Knight |
| 22:44 | Build | House |
| 22:54 | Build | House |
| 22:55 | Build | House |
| 22:56 | Build | House |
| 22:56 | Build | House |
| 22:57 | Build | House |
| 22:58 | Build | House |
| 22:58 | Build | House |
| 22:59 | Build | House |
| 23:06 | Create | Knight |
| 23:06 | Create | Knight |
| 23:06 | Create | Knight |
| 23:08 | Create | Knight |
| 24:43 | Create | Knight |
| 24:44 | Create | Knight |
| 24:44 | Create | Knight |
| 24:44 | Create | Knight |
| 24:44 | Create | Knight |
| 24:45 | Create | Knight |
| 24:46 | Create | Knight |
| 24:46 | Create | Knight |
| 25:02 | Create | Knight |
| 25:02 | Create | Knight |
| 25:39 | Create | Knight |
| 25:39 | Create | Knight |
| 25:55 | Create | Knight |
| 25:56 | Create | Knight |
| 26:24 | Create | Knight |
| 26:24 | Create | Knight |
| 26:27 | Create | Villager (Male) |
| 26:27 | Create | Villager (Male) |
| 26:27 | Create | Villager (Male) |
| 26:28 | Create | Villager (Male) |
| 26:28 | Create | Villager (Male) |
| 26:33 | Create | Villager (Male) |
| 26:33 | Create | Villager (Male) |
| 26:33 | Create | Villager (Male) |
| 26:34 | Create | Villager (Male) |
| 26:34 | Create | Villager (Male) |
Build order — BALROG
First 150 of 279 actions detected
| 0:04 | Create | Villager (Male) ×4 |
| 0:10 | Build | House |
| 0:17 | Build | House |
| 0:18 | Build | House |
| 1:13 | Research | Loom |
| 1:51 | Create | Villager (Male) |
| 1:51 | Create | Villager (Male) |
| 2:26 | Create | Villager (Male) |
| 2:26 | Create | Villager (Male) |
| 2:40 | Create | Villager (Male) |
| 2:41 | Create | Villager (Male) |
| 3:05 | Build | Mill |
| 3:10 | Create | Villager (Male) |
| 3:44 | Create | Villager (Male) |
| 3:45 | Create | Villager (Male) |
| 3:45 | Create | Villager (Male) |
| 4:34 | Create | Villager (Male) |
| 4:34 | Create | Villager (Male) |
| 4:35 | Create | Villager (Male) |
| 5:03 | Create | Villager (Male) |
| 5:04 | Create | Villager (Male) |
| 5:04 | Create | Villager (Male) |
| 5:50 | Create | Villager (Male) |
| 5:50 | Create | Villager (Male) |
| 5:50 | Create | Villager (Male) |
| 6:12 | Create | Villager (Male) |
| 6:12 | Create | Villager (Male) |
| 6:40 | Create | Villager (Male) |
| 6:52 | Create | Villager (Male) |
| 7:06 | Create | Villager (Male) |
| 7:07 | Create | Villager (Male) |
| 7:07 | Create | Villager (Male) |
| 7:07 | Create | Villager (Male) |
| 7:13 | Build | House |
| 7:41 | Create | Villager (Male) |
| 7:41 | Create | Villager (Male) |
| 7:41 | Create | Villager (Male) |
| 8:08 | Create | Villager (Male) |
| 8:08 | Create | Villager (Male) |
| 8:08 | Create | Villager (Male) |
| 8:40 | Build | House |
| 8:45 | Create | Villager (Male) |
| 8:46 | Create | Villager (Male) |
| 8:46 | Create | Villager (Male) |
| 9:29 | Build | House |
| 9:36 | Build | Mill |
| 10:11 | Build | House |
| 10:12 | Build | House |
| 10:29 | Build | Lumber Camp |
| 10:38 | Create | Villager (Male) |
| 10:38 | Create | Villager (Male) |
| 10:38 | Create | Villager (Male) |
| 10:39 | Create | Villager (Male) |
| 10:39 | Create | Villager (Male) |
| 10:53 | Create | Villager (Male) |
| 10:53 | Create | Villager (Male) |
| 11:20 | Build | Farm |
| 11:36 | Build | House |
| 11:38 | Build | House |
| 11:39 | Build | House |
| 11:41 | Build | House |
| 11:42 | Build | House |
| 11:53 | Research | Feudal Age |
| 11:55 | Create | Villager (Male) |
| 11:55 | Create | Villager (Male) |
| 12:47 | Build | Farm |
| 12:56 | Build | Farm |
| 13:04 | Build | Farm |
| 13:12 | Build | Farm |
| 13:24 | Build | Farm |
| 13:31 | Build | Farm |
| 13:46 | Build | Mining Camp |
| 14:14 | Create | Villager (Male) |
| 14:14 | Create | Villager (Male) |
| 14:34 | Build | House |
| 14:35 | Build | House |
| 14:37 | Build | House |
| 14:39 | Build | House |
| 15:42 | Build | Lumber Camp |
| 16:08 | Create | Villager (Male) |
| 16:08 | Create | Villager (Male) |
| 16:08 | Create | Villager (Male) |
| 16:09 | Create | Villager (Male) |
| 16:16 | Research | Feudal Age |
| 16:17 | Create | Villager (Male) |
| 16:18 | Create | Villager (Male) |
| 16:42 | Build | Farm |
| 16:43 | Build | Farm |
| 16:43 | Build | Farm |
| 16:43 | Build | Farm |
| 16:45 | Build | Farm |
| 16:45 | Build | Farm |
| 16:46 | Build | Farm |
| 16:46 | Build | Farm |
| 16:49 | Build | Mill |
| 17:03 | Build | Mining Camp |
| 17:13 | Build | Palisade Wall |
| 17:32 | Build | Palisade Wall |
| 17:36 | Build | Palisade Gate |
| 18:33 | Build | Palisade Wall |
| 18:36 | Age | Feudal Age |
| 18:50 | Build | Market |
| 18:54 | Build | Blacksmith |
| 19:05 | Research | Double-Bit Axe |
| 19:08 | Research | Gold Mining |
| 19:43 | Build | Stone Wall |
| 19:55 | Build | Lumber Camp |
| 19:59 | Research | Castle Age |
| 19:59 | Create | Villager (Male) |
| 20:00 | Create | Villager (Male) |
| 20:00 | Create | Villager (Male) |
| 21:01 | Build | Stone Wall |
| 21:07 | Build | Building 490 |
| 21:24 | Research | Horse Collar |
| 21:54 | Build | Stone Wall |
| 22:39 | Age | Castle Age |
| 22:46 | Build | University |
| 22:51 | Build | Monastery |
| 23:07 | Build | Siege Workshop |
| 23:41 | Build | Town Center |
| 24:04 | Create | Mangonel ×4 |
| 24:04 | Create | Mangonel ×4 |
| 24:33 | Build | Stone Wall |
| 24:45 | Build | Mining Camp |
| 24:48 | Research | Imperial Age |
| 24:53 | Create | Villager (Male) ×5 |
| 25:38 | Build | Town Center |
| 25:43 | Create | Villager (Male) ×5 |
| 26:37 | Build | Mining Camp |
| 27:09 | Create | Mangonel |
| 27:14 | Create | Villager (Male) |
| 27:14 | Create | Villager (Male) |
| 27:14 | Create | Villager (Male) |
| 27:58 | Age | Imperial Age |
| 28:28 | Build | Barracks |
| 28:40 | Research | Chemistry |
| 29:01 | Build | Barracks |
| 29:01 | Build | Barracks |
| 29:02 | Build | Barracks |
| 29:06 | Research | Pikeman (upgrade) |
| 29:07 | Create | Spearman |
| 29:07 | Create | Spearman |
| 29:07 | Create | Spearman |
| 29:08 | Create | Spearman |
| 29:40 | Research | Halberdier (upgrade) |
| 29:40 | Create | Spearman ×3 |
| 29:41 | Create | Spearman |
| 29:55 | Build | Lumber Camp |
| 30:18 | Create | Spearman ×4 |
| 30:27 | Build | Archery Range |
Build order — ACHMP | SirAlexander24
First 150 of 153 actions detected
| 0:01 | Create | Villager (Male) |
| 0:01 | Create | Villager (Male) |
| 0:01 | Create | Villager (Male) |
| 0:02 | Build | House |
| 0:05 | Build | House |
| 0:16 | Create | Villager (Male) |
| 0:16 | Create | Villager (Male) |
| 1:26 | Create | Villager (Male) |
| 1:26 | Create | Villager (Male) |
| 1:48 | Build | Lumber Camp |
| 1:52 | Create | Villager (Male) |
| 1:52 | Create | Villager (Male) |
| 2:24 | Create | Villager (Male) |
| 2:24 | Create | Villager (Male) |
| 2:25 | Create | Villager (Male) |
| 2:52 | Create | Villager (Male) |
| 2:52 | Create | Villager (Male) |
| 3:06 | Create | Villager (Male) |
| 3:06 | Create | Villager (Male) |
| 3:06 | Create | Villager (Male) |
| 3:29 | Build | House |
| 3:41 | Create | Villager (Male) |
| 3:41 | Create | Villager (Male) |
| 3:41 | Create | Villager (Male) |
| 3:49 | Build | Palisade Wall |
| 3:52 | Build | Building 804 |
| 4:17 | Build | Mill |
| 4:20 | Create | Villager (Male) |
| 4:20 | Create | Villager (Male) |
| 4:39 | Create | Villager (Male) |
| 4:39 | Create | Villager (Male) |
| 4:52 | Create | Villager (Male) |
| 4:52 | Create | Villager (Male) |
| 4:52 | Create | Villager (Male) |
| 5:15 | Create | Villager (Male) |
| 5:59 | Build | House |
| 6:03 | Build | Palisade Wall |
| 6:13 | Create | Villager (Male) |
| 6:13 | Create | Villager (Male) |
| 6:14 | Create | Villager (Male) |
| 6:29 | Build | Building 804 |
| 6:45 | Build | Palisade Wall |
| 6:52 | Create | Villager (Male) |
| 6:52 | Create | Villager (Male) |
| 6:53 | Create | Villager (Male) |
| 8:02 | Create | Villager (Male) |
| 9:11 | Create | Villager (Male) |
| 9:21 | Build | House |
| 9:32 | Research | Feudal Age |
| 9:34 | Research | Feudal Age |
| 9:35 | Research | Feudal Age |
| 11:44 | Age | Feudal Age |
| 11:47 | Research | Double-Bit Axe |
| 11:59 | Build | Mining Camp |
| 12:08 | Build | Mining Camp |
| 12:16 | Create | Villager (Male) |
| 12:29 | Build | Market |
| 12:32 | Build | House |
| 12:55 | Create | Villager (Male) |
| 13:08 | Build | Barracks |
| 13:16 | Build | House |
| 13:23 | Create | Villager (Male) |
| 13:47 | Build | Blacksmith |
| 13:50 | Create | Villager (Male) |
| 13:57 | Create | Villager (Male) |
| 14:06 | Build | Farm |
| 14:09 | Build | Farm |
| 14:14 | Build | Farm |
| 14:15 | Build | Farm |
| 14:18 | Build | Farm |
| 14:29 | Research | Castle Age |
| 14:52 | Build | Farm |
| 14:57 | Research | Horse Collar |
| 15:03 | Research | Stone Mining |
| 15:21 | Build | Farm |
| 15:26 | Build | House |
| 15:42 | Build | Farm |
| 16:55 | Build | Farm |
| 17:03 | Create | Villager (Male) |
| 17:03 | Create | Villager (Male) |
| 17:20 | Age | Castle Age |
| 17:45 | Build | Barracks |
| 17:50 | Create | Villager (Male) |
| 17:57 | Build | Town Center |
| 18:03 | Create | Villager (Male) |
| 18:03 | Create | Villager (Male) |
| 18:31 | Research | Bow Saw |
| 19:13 | Build | Castle |
| 19:18 | Create | Villager (Male) |
| 19:51 | Build | University |
| 19:56 | Create | Villager (Male) |
| 19:57 | Create | Villager (Male) |
| 19:59 | Build | Farm |
| 20:16 | Build | Farm |
| 20:19 | Build | Farm |
| 20:23 | Research | Loom |
| 20:23 | Research | Wheelbarrow |
| 20:29 | Research | Heavy Plow |
| 20:32 | Create | Villager (Male) |
| 20:32 | Create | Villager (Male) |
| 21:04 | Build | Mill |
| 21:09 | Research | Masonry |
| 21:12 | Create | Villager (Male) |
| 21:12 | Create | Villager (Male) |
| 21:16 | Build | Farm |
| 21:30 | Build | Farm |
| 21:47 | Build | Farm |
| 21:53 | Create | Villager (Male) |
| 21:53 | Create | Villager (Male) |
| 21:59 | Build | Farm |
| 22:02 | Build | Farm |
| 22:06 | Build | Farm |
| 22:12 | Build | Farm |
| 22:16 | Build | Farm |
| 22:20 | Create | Villager (Male) |
| 22:20 | Create | Villager (Male) |
| 22:22 | Create | Villager (Male) |
| 22:22 | Create | Villager (Male) |
| 23:00 | Research | Gold Mining |
| 23:13 | Build | Farm |
| 23:17 | Build | Farm |
| 23:24 | Build | House |
| 23:31 | Create | Huskarl |
| 23:31 | Create | Huskarl |
| 23:32 | Create | Huskarl |
| 24:40 | Research | Squires |
| 24:54 | Research | Imperial Age |
| 25:09 | Research | Gold Mining |
| 25:15 | Build | Farm |
| 25:19 | Create | Villager (Male) |
| 25:20 | Create | Villager (Male) |
| 25:28 | Research | Ballistics |
| 25:46 | Build | Siege Workshop |
| 25:54 | Create | Villager (Male) |
| 25:54 | Create | Villager (Male) |
| 26:00 | Build | House |
| 26:13 | Build | House |
| 26:20 | Research | Fletching |
| 26:22 | Research | Padded Archer Armor |
| 26:27 | Create | Villager (Male) |
| 26:27 | Create | Villager (Male) |
| 26:32 | Create | Villager (Male) |
| 26:32 | Create | Villager (Male) |
| 26:56 | Research | Bodkin Arrow |
| 27:31 | Create | Mangonel |
| 27:47 | Build | Palisade Wall |
| 27:57 | Build | Barracks |
| 28:00 | Build | Stable |
| 28:04 | Age | Imperial Age |
| 28:18 | Build | House |
Build order — skskska
First 150 of 365 actions detected
| 0:02 | Create | Villager (Male) |
| 0:02 | Create | Villager (Male) |
| 0:02 | Create | Villager (Male) |
| 0:03 | Create | Villager (Male) |
| 0:03 | Create | Villager (Male) |
| 0:06 | Build | House |
| 0:07 | Build | House |
| 0:08 | Build | House |
| 1:38 | Create | Villager (Male) |
| 2:04 | Create | Villager (Male) |
| 2:39 | Create | Villager (Male) |
| 2:42 | Create | Villager (Male) |
| 2:55 | Create | Villager (Male) |
| 3:59 | Create | Villager (Male) |
| 4:32 | Build | Mill |
| 4:39 | Create | Villager (Male) |
| 5:31 | Create | Villager (Male) |
| 5:32 | Create | Villager (Male) |
| 5:32 | Create | Villager (Male) |
| 5:41 | Create | Villager (Male) |
| 6:00 | Create | Villager (Male) |
| 7:16 | Create | Villager (Male) |
| 7:24 | Research | Feudal Age |
| 7:37 | Build | House |
| 8:10 | Create | Villager (Male) |
| 8:10 | Create | Villager (Male) |
| 8:11 | Create | Villager (Male) |
| 8:11 | Create | Villager (Male) |
| 8:41 | Build | House |
| 8:43 | Build | House |
| 8:45 | Build | House |
| 9:15 | Build | House |
| 9:21 | Create | Villager (Male) |
| 9:22 | Create | Villager (Male) |
| 9:46 | Age | Feudal Age |
| 10:06 | Build | Lumber Camp |
| 10:13 | Create | Villager (Male) |
| 10:20 | Build | House |
| 10:24 | Create | Villager (Male) |
| 11:01 | Create | Villager (Male) |
| 11:07 | Research | Double-Bit Axe |
| 11:22 | Create | Villager (Male) |
| 11:48 | Build | Mining Camp |
| 13:15 | Create | Villager (Male) |
| 13:36 | Build | Farm |
| 13:40 | Build | Farm |
| 13:43 | Build | Farm |
| 13:49 | Create | Villager (Male) |
| 14:19 | Create | Villager (Male) |
| 14:43 | Build | Farm |
| 15:23 | Research | Castle Age |
| 15:40 | Build | Farm |
| 15:42 | Build | Farm |
| 15:43 | Build | Farm |
| 15:45 | Build | Farm |
| 15:46 | Build | Farm |
| 15:47 | Build | Farm |
| 15:48 | Build | Farm |
| 15:50 | Build | Farm |
| 15:53 | Build | Farm |
| 15:56 | Build | Farm |
| 16:00 | Build | Farm |
| 16:03 | Build | Farm |
| 16:34 | Research | Horse Collar |
| 17:33 | Build | Mining Camp |
| 17:40 | Create | Villager (Male) |
| 17:41 | Create | Villager (Male) |
| 17:53 | Create | Villager (Male) |
| 18:03 | Age | Castle Age |
| 18:10 | Build | Town Center |
| 18:21 | Create | Villager (Male) |
| 18:28 | Create | Villager (Male) |
| 18:43 | Research | Stone Mining |
| 19:19 | Create | Villager (Male) |
| 19:24 | Create | Villager (Male) |
| 19:24 | Create | Villager (Male) |
| 19:25 | Create | Villager (Male) |
| 19:28 | Create | Villager (Male) |
| 19:28 | Create | Villager (Male) |
| 19:43 | Create | Villager (Male) |
| 19:53 | Create | Villager (Male) |
| 20:06 | Build | Town Center |
| 20:18 | Build | Farm |
| 20:21 | Build | Farm |
| 20:21 | Build | Farm |
| 20:24 | Research | Heavy Plow |
| 20:28 | Research | Bow Saw |
| 20:31 | Create | Villager (Male) |
| 20:39 | Research | Wheelbarrow |
| 20:48 | Research | Stone Shaft Mining |
| 21:11 | Create | Villager (Male) |
| 21:13 | Create | Villager (Male) |
| 21:24 | Create | Villager (Male) |
| 21:29 | Create | Villager (Male) |
| 21:42 | Research | Gold Mining |
| 21:53 | Research | Gold Mining |
| 22:01 | Create | Villager (Male) |
| 22:02 | Create | Villager (Male) |
| 22:02 | Create | Villager (Male) |
| 22:05 | Create | Villager (Male) |
| 22:07 | Create | Villager (Male) |
| 22:23 | Build | Farm |
| 22:26 | Build | Farm |
| 22:27 | Build | Farm |
| 22:35 | Build | Farm |
| 22:38 | Create | Villager (Male) |
| 22:41 | Create | Villager (Male) |
| 22:54 | Build | House |
| 22:56 | Build | House |
| 22:57 | Build | House |
| 22:59 | Build | House |
| 23:02 | Build | House |
| 23:03 | Build | House |
| 23:05 | Build | House |
| 23:06 | Build | House |
| 23:10 | Build | House |
| 23:11 | Build | House |
| 23:13 | Build | House |
| 23:14 | Build | House |
| 23:18 | Build | House |
| 23:19 | Build | House |
| 23:29 | Create | Villager (Male) |
| 23:30 | Create | Villager (Male) |
| 23:32 | Create | Villager (Male) |
| 23:38 | Research | Hand Cart |
| 23:40 | Create | Villager (Male) |
| 23:46 | Research | Gold Shaft Mining |
| 23:54 | Create | Villager (Male) |
| 23:58 | Create | Villager (Male) |
| 24:10 | Create | Villager (Male) |
| 24:10 | Create | Villager (Male) |
| 24:17 | Build | Farm |
| 24:20 | Build | Farm |
| 24:27 | Create | Villager (Male) |
| 24:45 | Build | Blacksmith |
| 24:56 | Build | University |
| 25:06 | Build | Market |
| 25:11 | Create | Villager (Male) |
| 25:15 | Create | Villager (Male) |
| 25:17 | Create | Villager (Male) |
| 25:19 | Create | Villager (Male) |
| 25:43 | Build | Castle |
| 25:57 | Build | Monastery |
| 26:02 | Create | Villager (Male) |
| 26:06 | Create | Villager (Male) |
| 26:09 | Create | Villager (Male) |
| 26:17 | Research | Imperial Age |
| 26:22 | Create | Villager (Male) |
| 26:26 | Create | Villager (Male) |
| 26:36 | Build | Farm |
Build order — H95
First 150 of 344 actions detected
| 0:01 | Create | Villager (Male) |
| 0:02 | Create | Villager (Male) |
| 0:02 | Create | Villager (Male) |
| 0:02 | Create | Villager (Male) |
| 0:02 | Create | Villager (Male) |
| 0:04 | Build | House |
| 0:07 | Build | House |
| 1:36 | Build | Lumber Camp |
| 1:49 | Create | Villager (Male) |
| 1:49 | Create | Villager (Male) |
| 2:15 | Create | Villager (Male) |
| 2:15 | Create | Villager (Male) |
| 2:56 | Create | Villager (Male) |
| 2:56 | Create | Villager (Male) |
| 3:18 | Create | Villager (Male) |
| 3:19 | Create | Villager (Male) |
| 3:29 | Build | House |
| 3:30 | Build | House |
| 3:39 | Create | Villager (Male) |
| 4:03 | Create | Villager (Male) |
| 4:04 | Create | Villager (Male) |
| 4:28 | Build | Mill |
| 5:01 | Create | Villager (Male) |
| 5:02 | Create | Villager (Male) |
| 5:02 | Create | Villager (Male) |
| 5:25 | Build | Mill |
| 5:42 | Create | Villager (Male) |
| 5:42 | Create | Villager (Male) |
| 6:28 | Create | Villager (Male) |
| 6:28 | Create | Villager (Male) |
| 6:29 | Create | Villager (Male) |
| 6:29 | Create | Villager (Male) |
| 6:41 | Create | Villager (Male) |
| 6:41 | Create | Villager (Male) |
| 6:42 | Create | Villager (Male) |
| 7:06 | Build | Mining Camp |
| 8:13 | Research | Loom |
| 8:28 | Research | Feudal Age |
| 10:43 | Age | Feudal Age |
| 10:46 | Build | Market |
| 10:51 | Build | Blacksmith |
| 11:41 | Build | Mining Camp |
| 11:58 | Research | Castle Age |
| 11:58 | Research | Castle Age |
| 14:15 | Build | House |
| 14:38 | Age | Castle Age |
| 14:43 | Create | Villager (Male) |
| 14:43 | Create | Villager (Male) |
| 14:45 | Create | Villager (Male) |
| 15:02 | Build | Monastery |
| 15:40 | Create | Monk |
| 15:47 | Build | Farm |
| 15:53 | Create | Villager (Male) |
| 15:53 | Create | Villager (Male) |
| 16:04 | Build | Farm |
| 16:09 | Build | Farm |
| 16:29 | Build | Castle |
| 16:47 | Research | Double-Bit Axe |
| 16:49 | Research | Horse Collar |
| 16:51 | Create | Villager (Male) |
| 16:59 | Build | House |
| 17:03 | Build | House |
| 17:07 | Create | Villager (Male) |
| 17:35 | Create | Monk |
| 17:50 | Build | Mining Camp |
| 17:58 | Create | Conquistador |
| 18:12 | Build | Farm |
| 18:17 | Build | Farm |
| 18:23 | Build | Farm |
| 18:28 | Create | Conquistador |
| 18:28 | Create | Conquistador |
| 19:04 | Create | Conquistador |
| 19:19 | Build | Town Center |
| 19:22 | Create | Villager (Male) |
| 19:23 | Create | Villager (Male) |
| 19:28 | Build | Farm |
| 19:37 | Build | Farm |
| 19:51 | Build | Outpost |
| 19:55 | Create | Villager (Male) |
| 19:59 | Create | Villager (Male) |
| 20:09 | Build | Farm |
| 20:42 | Create | Villager (Male) |
| 20:52 | Build | Farm |
| 20:52 | Create | Villager (Male) |
| 20:53 | Create | Villager (Male) |
| 21:03 | Build | Outpost |
| 21:04 | Create | Villager (Male) |
| 21:05 | Create | Villager (Male) |
| 21:13 | Build | Farm |
| 21:18 | Create | Villager (Male) |
| 21:18 | Create | Villager (Male) |
| 21:18 | Create | Villager (Male) |
| 21:19 | Create | Villager (Male) |
| 21:22 | Build | Farm |
| 21:55 | Create | Villager (Male) |
| 21:55 | Create | Villager (Male) |
| 21:55 | Create | Villager (Male) |
| 22:00 | Build | Farm |
| 22:00 | Create | Villager (Male) |
| 22:01 | Create | Villager (Male) |
| 22:28 | Build | Farm |
| 22:29 | Create | Villager (Male) |
| 22:30 | Create | Villager (Male) |
| 22:30 | Create | Villager (Male) |
| 22:52 | Build | Farm |
| 22:52 | Build | Farm |
| 22:52 | Build | Farm |
| 22:52 | Build | Farm |
| 22:53 | Build | Farm |
| 22:53 | Build | Farm |
| 22:53 | Build | Farm |
| 22:53 | Build | Farm |
| 22:54 | Build | Farm |
| 22:54 | Build | Farm |
| 22:54 | Build | Farm |
| 22:55 | Build | Farm |
| 22:55 | Build | Farm |
| 22:55 | Build | Farm |
| 22:56 | Build | Farm |
| 23:01 | Create | Villager (Male) |
| 23:01 | Create | Villager (Male) |
| 23:01 | Create | Villager (Male) |
| 23:01 | Create | Villager (Male) |
| 23:17 | Build | Farm |
| 23:35 | Create | Villager (Male) |
| 23:35 | Create | Villager (Male) |
| 23:36 | Create | Villager (Male) |
| 23:36 | Create | Villager (Male) |
| 23:41 | Build | Farm |
| 23:41 | Build | Farm |
| 23:41 | Build | Farm |
| 23:41 | Build | Farm |
| 23:42 | Build | Farm |
| 23:46 | Create | Villager (Male) |
| 24:05 | Create | Villager (Male) |
| 24:05 | Create | Villager (Male) |
| 24:20 | Build | Siege Workshop |
| 24:38 | Create | Villager (Male) |
| 24:38 | Create | Villager (Male) |
| 24:39 | Create | Villager (Male) |
| 24:45 | Build | Farm |
| 24:46 | Build | Farm |
| 24:46 | Build | Farm |
| 24:46 | Build | Farm |
| 24:47 | Build | Farm |
| 24:55 | Build | Farm |
| 25:00 | Build | House |
| 25:18 | Create | Petard |
| 25:18 | Create | Petard |
| 25:18 | Create | Petard |
Build order — submach
First 150 of 334 actions detected
| 0:02 | Create | Villager (Male) |
| 0:02 | Create | Villager (Male) |
| 0:03 | Create | Villager (Male) |
| 0:04 | Build | House |
| 0:07 | Build | House |
| 0:27 | Create | Villager (Male) |
| 0:27 | Create | Villager (Male) |
| 1:40 | Create | Villager (Male) |
| 1:41 | Create | Villager (Male) |
| 2:26 | Create | Villager (Male) |
| 2:26 | Create | Villager (Male) |
| 2:46 | Create | Villager (Male) |
| 3:22 | Create | Villager (Male) |
| 3:22 | Create | Villager (Male) |
| 3:41 | Create | Villager (Male) |
| 3:50 | Build | House |
| 3:54 | Build | House |
| 4:18 | Build | Mill |
| 4:20 | Create | Villager (Male) |
| 4:41 | Create | Villager (Male) |
| 4:41 | Create | Villager (Male) |
| 5:16 | Create | Villager (Male) |
| 5:16 | Create | Villager (Male) |
| 5:32 | Create | Villager (Male) |
| 5:33 | Create | Villager (Male) |
| 5:57 | Create | Villager (Male) |
| 6:25 | Create | Villager (Male) |
| 6:39 | Create | Villager (Male) |
| 6:59 | Build | Lumber Camp |
| 7:16 | Create | Villager (Male) |
| 7:17 | Create | Villager (Male) |
| 7:17 | Create | Villager (Male) |
| 8:11 | Create | Villager (Male) |
| 8:22 | Build | Mining Camp |
| 9:17 | Build | Mining Camp |
| 9:20 | Create | Villager (Male) |
| 9:56 | Create | Villager (Male) |
| 10:09 | Research | Feudal Age |
| 10:21 | Build | House |
| 10:23 | Build | House |
| 10:51 | Create | Villager (Male) |
| 10:51 | Create | Villager (Male) |
| 10:51 | Create | Villager (Male) |
| 10:51 | Create | Villager (Male) |
| 11:09 | Build | Mill |
| 12:19 | Age | Feudal Age |
| 12:21 | Build | Market |
| 12:39 | Build | Blacksmith |
| 13:42 | Research | Castle Age |
| 14:39 | Create | Villager (Male) |
| 14:41 | Create | Villager (Male) |
| 14:41 | Create | Villager (Male) |
| 14:43 | Create | Villager (Male) |
| 15:09 | Research | Double-Bit Axe |
| 15:24 | Build | House |
| 15:25 | Build | House |
| 15:27 | Build | House |
| 15:28 | Build | House |
| 15:29 | Build | House |
| 15:36 | Build | Farm |
| 15:37 | Build | Farm |
| 15:38 | Build | Farm |
| 15:40 | Build | Farm |
| 15:51 | Build | Farm |
| 15:57 | Build | Farm |
| 16:16 | Build | Farm |
| 16:18 | Build | Farm |
| 16:22 | Age | Castle Age |
| 17:02 | Build | Castle |
| 17:21 | Build | Town Center |
| 17:30 | Build | Farm |
| 17:35 | Create | Villager (Male) |
| 18:27 | Build | House |
| 18:32 | Create | Villager (Male) |
| 18:33 | Create | Villager (Male) |
| 18:34 | Create | Villager (Male) |
| 18:57 | Build | Siege Workshop |
| 19:03 | Create | Villager (Male) |
| 19:04 | Create | Villager (Male) |
| 19:04 | Create | Villager (Male) |
| 19:06 | Create | Villager (Male) |
| 19:06 | Create | Villager (Male) |
| 19:23 | Build | Lumber Camp |
| 19:38 | Create | Villager (Male) |
| 19:38 | Create | Villager (Male) |
| 19:46 | Create | Hussite Wagon |
| 19:47 | Create | Battering Ram |
| 20:03 | Build | Farm |
| 20:06 | Build | Farm |
| 20:12 | Create | Villager (Male) |
| 20:15 | Create | Villager (Male) |
| 20:18 | Build | Farm |
| 20:31 | Create | Villager (Male) |
| 20:44 | Create | Hussite Wagon |
| 20:54 | Create | Villager (Male) |
| 21:00 | Create | Villager (Male) |
| 21:05 | Build | Farm |
| 21:06 | Create | Battering Ram |
| 21:12 | Create | Villager (Male) |
| 21:28 | Build | Farm |
| 21:33 | Build | Farm |
| 21:36 | Create | Villager (Male) |
| 21:40 | Create | Villager (Male) |
| 21:43 | Create | Villager (Male) |
| 21:44 | Create | Battering Ram |
| 21:46 | Create | Hussite Wagon |
| 21:55 | Build | Farm |
| 21:58 | Create | Villager (Male) |
| 22:13 | Create | Hussite Wagon |
| 22:21 | Create | Battering Ram |
| 22:21 | Create | Battering Ram |
| 22:23 | Create | Villager (Male) |
| 22:25 | Create | Villager (Male) |
| 22:28 | Create | Villager (Male) |
| 22:38 | Create | Villager (Male) |
| 22:56 | Create | Battering Ram |
| 22:57 | Create | Hussite Wagon |
| 24:08 | Create | Battering Ram |
| 24:09 | Create | Hussite Wagon |
| 24:09 | Create | Hussite Wagon |
| 24:10 | Create | Battering Ram |
| 24:10 | Create | Battering Ram |
| 24:26 | Create | Hussite Wagon |
| 24:26 | Create | Hussite Wagon |
| 24:30 | Create | Villager (Male) |
| 24:31 | Create | Villager (Male) |
| 24:32 | Create | Villager (Male) |
| 24:34 | Create | Villager (Male) |
| 24:34 | Create | Villager (Male) |
| 24:34 | Create | Villager (Male) |
| 24:47 | Create | Villager (Male) |
| 24:48 | Create | Villager (Male) |
| 24:49 | Create | Villager (Male) |
| 24:54 | Create | Villager (Male) |
| 24:54 | Create | Villager (Male) |
| 24:58 | Create | Hussite Wagon |
| 24:58 | Create | Hussite Wagon |
| 25:33 | Create | Battering Ram |
| 25:34 | Create | Hussite Wagon |
| 25:34 | Create | Hussite Wagon |
| 25:41 | Build | House |
| 25:44 | Build | House |
| 25:45 | Build | House |
| 25:46 | Build | House |
| 25:47 | Build | House |
| 25:48 | Build | House |
| 25:49 | Build | House |
| 25:50 | Build | House |
| 26:00 | Research | Horse Collar |
| 26:45 | Create | Battering Ram |
Build order — alsteens.l
First 150 of 371 actions detected
| 0:01 | Create | Villager (Male) ×4 |
| 0:02 | Create | Villager (Male) ×4 |
| 0:03 | Build | House |
| 0:07 | Build | House |
| 1:24 | Create | Villager (Male) |
| 1:50 | Build | Lumber Camp |
| 1:58 | Create | Villager (Male) |
| 1:59 | Create | Villager (Male) |
| 2:22 | Create | Villager (Male) |
| 2:22 | Create | Villager (Male) |
| 2:56 | Create | Villager (Male) |
| 3:14 | Create | Villager (Male) |
| 3:14 | Create | Villager (Male) |
| 3:38 | Build | House |
| 3:39 | Build | House |
| 3:41 | Build | House |
| 3:50 | Create | Villager (Male) |
| 3:50 | Create | Villager (Male) |
| 4:19 | Create | Villager (Male) |
| 4:19 | Create | Villager (Male) |
| 4:40 | Create | Villager (Male) |
| 4:40 | Create | Villager (Male) |
| 4:40 | Create | Villager (Male) |
| 5:39 | Create | Villager (Male) |
| 5:39 | Create | Villager (Male) |
| 5:39 | Create | Villager (Male) |
| 5:40 | Create | Villager (Male) |
| 5:40 | Create | Villager (Male) |
| 6:10 | Build | Mill |
| 6:44 | Create | Villager (Male) |
| 6:44 | Create | Villager (Male) |
| 7:02 | Build | Mill |
| 8:13 | Create | Villager (Male) |
| 8:13 | Create | Villager (Male) |
| 8:13 | Create | Villager (Male) |
| 8:14 | Create | Villager (Male) |
| 9:22 | Research | Feudal Age |
| 9:45 | Build | Mining Camp |
| 10:12 | Build | Lumber Camp |
| 10:29 | Create | Villager (Male) |
| 10:29 | Create | Villager (Male) |
| 10:30 | Create | Villager (Male) |
| 10:30 | Create | Villager (Male) |
| 10:30 | Create | Villager (Male) |
| 10:31 | Create | Villager (Male) |
| 11:38 | Age | Feudal Age |
| 11:40 | Research | Horse Collar |
| 11:42 | Research | Double-Bit Axe |
| 12:03 | Build | House |
| 12:08 | Build | Blacksmith |
| 12:38 | Build | Market |
| 13:21 | Build | Farm |
| 13:24 | Build | Farm |
| 13:25 | Build | Farm |
| 13:26 | Build | Farm |
| 13:27 | Build | Farm |
| 13:30 | Build | Farm |
| 13:49 | Research | Castle Age |
| 14:20 | Build | Farm |
| 14:21 | Build | Farm |
| 14:43 | Research | Gold Mining |
| 14:54 | Research | Stone Mining |
| 14:54 | Research | Stone Mining |
| 15:05 | Create | Villager (Male) |
| 15:05 | Create | Villager (Male) |
| 15:17 | Build | Farm |
| 15:18 | Build | Farm |
| 15:20 | Build | Farm |
| 15:21 | Build | Farm |
| 15:23 | Build | Farm |
| 15:25 | Build | Farm |
| 15:27 | Build | Farm |
| 15:41 | Build | Farm |
| 15:49 | Build | House |
| 15:50 | Build | House |
| 15:51 | Build | House |
| 15:52 | Build | House |
| 16:14 | Create | Villager (Male) |
| 16:23 | Research | Wheelbarrow |
| 16:24 | Research | Loom |
| 16:48 | Age | Castle Age |
| 17:02 | Build | Town Center |
| 17:13 | Research | Heavy Plow |
| 17:20 | Research | Bow Saw |
| 17:30 | Create | Villager (Male) |
| 18:04 | Build | Town Center |
| 18:15 | Create | Villager (Male) |
| 18:16 | Create | Villager (Male) |
| 18:16 | Create | Villager (Male) |
| 18:16 | Create | Villager (Male) |
| 18:20 | Create | Villager (Male) |
| 18:22 | Create | Villager (Male) |
| 18:44 | Create | Villager (Male) |
| 18:47 | Create | Villager (Male) |
| 18:49 | Create | Villager (Male) |
| 18:55 | Build | House |
| 18:57 | Build | House |
| 18:58 | Build | House |
| 19:00 | Build | House |
| 19:01 | Build | House |
| 19:02 | Build | House |
| 19:03 | Build | House |
| 19:18 | Build | Farm |
| 19:22 | Build | Farm |
| 19:33 | Build | Farm |
| 19:36 | Build | Farm |
| 19:45 | Create | Villager (Male) |
| 19:45 | Create | Villager (Male) |
| 19:46 | Create | Villager (Male) |
| 20:06 | Research | Hand Cart |
| 20:06 | Research | Hand Cart |
| 20:10 | Create | Villager (Male) |
| 20:11 | Create | Villager (Male) |
| 20:25 | Build | Farm |
| 20:27 | Build | Farm |
| 20:29 | Build | Farm |
| 20:31 | Build | Farm |
| 20:38 | Build | Farm |
| 20:41 | Create | Villager (Male) |
| 20:43 | Create | Villager (Male) |
| 20:44 | Create | Villager (Male) |
| 20:46 | Create | Villager (Male) |
| 20:47 | Create | Villager (Male) |
| 20:55 | Create | Villager (Male) |
| 20:55 | Create | Villager (Male) |
| 21:02 | Create | Villager (Male) |
| 21:02 | Create | Villager (Male) |
| 21:05 | Create | Villager (Male) |
| 21:19 | Build | Mining Camp |
| 21:32 | Create | Villager (Male) |
| 21:33 | Create | Villager (Male) |
| 21:35 | Create | Villager (Male) |
| 21:36 | Create | Villager (Male) |
| 21:40 | Create | Villager (Male) |
| 22:03 | Build | Town Center |
| 22:09 | Create | Villager (Male) |
| 22:10 | Create | Villager (Male) |
| 22:10 | Create | Villager (Male) |
| 22:10 | Create | Villager (Male) |
| 22:10 | Create | Villager (Male) |
| 22:11 | Create | Villager (Male) |
| 22:11 | Create | Villager (Male) |
| 22:12 | Create | Villager (Male) |
| 22:32 | Build | House |
| 22:33 | Build | House |
| 22:35 | Build | House |
| 22:35 | Build | House |
| 22:36 | Build | House |
| 22:37 | Build | House |
| 22:49 | Research | Stone Shaft Mining |
Build order — POA GroM
First 150 of 229 actions detected
| 0:05 | Build | House |
| 0:08 | Build | House |
| 0:08 | Create | Villager (Male) |
| 0:19 | Create | Villager (Male) |
| 0:32 | Create | Villager (Male) |
| 0:40 | Create | Villager (Male) |
| 1:36 | Create | Villager (Male) |
| 2:01 | Create | Villager (Male) |
| 2:24 | Build | Lumber Camp |
| 2:42 | Create | Villager (Male) |
| 3:28 | Create | Villager (Male) |
| 3:28 | Create | Villager (Male) |
| 3:29 | Create | Villager (Male) |
| 3:42 | Build | House |
| 4:12 | Create | Villager (Male) |
| 4:13 | Create | Villager (Male) |
| 5:15 | Create | Villager (Male) |
| 5:16 | Create | Villager (Male) |
| 5:16 | Create | Villager (Male) |
| 6:03 | Create | Villager (Male) |
| 6:51 | Build | Mining Camp |
| 6:58 | Build | House |
| 7:06 | Create | Villager (Male) |
| 7:06 | Create | Villager (Male) |
| 7:06 | Create | Villager (Male) |
| 7:56 | Build | Mill |
| 8:04 | Create | Villager (Male) |
| 8:04 | Create | Villager (Male) |
| 8:05 | Create | Villager (Male) |
| 9:13 | Build | Farm |
| 9:21 | Build | Farm |
| 9:28 | Build | Farm |
| 9:47 | Build | Farm |
| 9:50 | Create | Villager (Male) |
| 9:53 | Research | Feudal Age |
| 11:00 | Build | House |
| 11:08 | Build | House |
| 11:14 | Create | Villager (Male) |
| 11:15 | Create | Villager (Male) |
| 12:03 | Age | Feudal Age |
| 12:08 | Research | Double-Bit Axe |
| 12:46 | Build | Blacksmith |
| 12:49 | Create | Villager (Male) |
| 13:03 | Build | Farm |
| 13:09 | Build | Farm |
| 13:16 | Research | Horse Collar |
| 13:28 | Research | Wheelbarrow |
| 13:50 | Create | Villager (Male) |
| 13:51 | Create | Villager (Male) |
| 14:10 | Build | Farm |
| 14:34 | Create | Villager (Male) |
| 14:49 | Build | Market |
| 15:14 | Create | Villager (Male) |
| 15:32 | Build | Farm |
| 15:41 | Create | Villager (Male) |
| 15:59 | Build | Farm |
| 16:09 | Create | Villager (Male) |
| 16:41 | Build | Barracks |
| 17:04 | Build | Mining Camp |
| 17:19 | Research | Castle Age |
| 18:03 | Build | Farm |
| 18:10 | Build | Farm |
| 18:16 | Build | Farm |
| 18:43 | Create | Villager (Male) |
| 18:44 | Create | Villager (Male) |
| 18:44 | Create | Villager (Male) |
| 18:44 | Create | Villager (Male) |
| 18:45 | Create | Villager (Male) |
| 19:03 | Build | House |
| 19:05 | Build | House |
| 19:13 | Build | Farm |
| 19:22 | Build | Farm |
| 19:47 | Build | Barracks |
| 19:59 | Age | Castle Age |
| 20:04 | Create | Villager (Male) |
| 20:05 | Create | Villager (Male) |
| 20:36 | Build | Town Center |
| 21:09 | Research | Bow Saw |
| 21:52 | Create | Villager (Male) |
| 21:52 | Create | Villager (Male) |
| 22:20 | Build | Farm |
| 22:20 | Build | Farm |
| 22:28 | Research | Heavy Plow |
| 22:29 | Research | Heavy Plow |
| 22:38 | Create | Villager (Male) |
| 23:10 | Build | Castle |
| 23:30 | Research | Pikeman (upgrade) |
| 23:57 | Build | Stone Wall |
| 23:58 | Create | Villager (Male) |
| 23:59 | Create | Villager (Male) |
| 24:04 | Create | Villager (Male) |
| 24:05 | Create | Villager (Male) |
| 24:05 | Create | Villager (Male) |
| 24:06 | Create | Villager (Male) |
| 24:08 | Create | Villager (Male) |
| 24:17 | Create | Spearman |
| 24:17 | Create | Spearman |
| 24:18 | Create | Spearman |
| 24:18 | Create | Spearman |
| 24:20 | Create | Spearman |
| 24:33 | Create | Villager (Male) |
| 24:42 | Create | Villager (Male) |
| 25:05 | Create | Cataphract |
| 25:05 | Create | Cataphract |
| 25:07 | Create | Cataphract |
| 25:32 | Create | Villager (Male) |
| 25:32 | Create | Villager (Male) |
| 25:32 | Create | Villager (Male) |
| 25:33 | Create | Villager (Male) |
| 25:44 | Build | Farm |
| 25:53 | Build | Farm |
| 26:01 | Build | Farm |
| 26:08 | Build | Farm |
| 26:28 | Create | Spearman |
| 26:28 | Create | Spearman |
| 26:28 | Create | Spearman |
| 26:29 | Create | Spearman |
| 26:29 | Create | Spearman |
| 26:30 | Create | Spearman |
| 26:30 | Create | Spearman |
| 26:30 | Create | Spearman |
| 27:18 | Create | Villager (Male) |
| 27:19 | Create | Villager (Male) |
| 27:20 | Create | Villager (Male) |
| 27:21 | Create | Villager (Male) |
| 27:31 | Build | University |
| 27:45 | Build | Monastery |
| 28:45 | Build | Stone Wall |
| 29:11 | Create | Spearman |
| 29:11 | Create | Spearman |
| 29:12 | Create | Spearman |
| 29:12 | Create | Spearman |
| 29:12 | Create | Spearman |
| 29:13 | Create | Spearman |
| 29:13 | Create | Spearman |
| 29:13 | Create | Spearman |
| 29:13 | Create | Spearman |
| 29:21 | Create | Cataphract |
| 29:22 | Create | Cataphract |
| 29:22 | Create | Cataphract |
| 29:22 | Create | Cataphract |
| 29:23 | Create | Cataphract |
| 29:46 | Build | Stone Wall |
| 31:11 | Create | Spearman |
| 31:11 | Create | Spearman |
| 31:11 | Create | Spearman |
| 31:11 | Create | Spearman |
| 31:12 | Create | Spearman |
| 31:12 | Create | Spearman |
| 31:12 | Create | Spearman |
Match timeline
| 3:49 | ACHMP | SirAlexander24 · wall_segment Palisade Wall x1 |
| 6:03 | ACHMP | SirAlexander24 · wall_segment Palisade Wall x1 |
| 6:45 | ACHMP | SirAlexander24 · wall_segment Palisade Wall x5 |
| 9:46 | skskska · age_up feudal |
| 10:08 | fru1tyJuice · first_building Barracks |
| 10:43 | H95 · age_up feudal |
| 11:38 | alsteens.l · age_up feudal |
| 11:44 | ACHMP | SirAlexander24 · age_up feudal |
| 12:03 | POA GroM · age_up feudal |
| 12:07 | fru1tyJuice · age_up feudal |
| 12:19 | submach · age_up feudal |
| 13:08 | ACHMP | SirAlexander24 · first_building Barracks |
| 14:38 | H95 · age_up castle |
| 14:42 | fru1tyJuice · first_building Stable |
| 15:02 | H95 · first_building Monastery |
| 15:47 | submach · first_market_buy 100 wood |
| 16:22 | submach · age_up castle |
| 16:29 | H95 · first_building Castle |
| 16:41 | POA GroM · first_building Barracks |
| 16:48 | alsteens.l · age_up castle |
| 16:55 | fru1tyJuice · age_up castle |
| 17:02 | submach · first_building Castle |
| 17:07 | submach · first_market_sell 100 food |
| 17:08 | fru1tyJuice · first_market_buy 100 wood |
| 17:13 | BALROG · wall_segment Palisade Wall x13 |
| 17:20 | ACHMP | SirAlexander24 · age_up castle |
| 17:32 | BALROG · wall_segment Palisade Wall x26 |
| 18:03 | skskska · age_up castle |
| 18:33 | BALROG · wall_segment Palisade Wall x6 |
| 18:36 | BALROG · age_up feudal |
| 18:57 | submach · first_building Siege Workshop |
| 19:13 | ACHMP | SirAlexander24 · first_building Castle |
| 19:15 | H95 · first_market_buy 100 stone |
| 19:43 | BALROG · wall_segment Stone Wall x15 |
| 19:59 | POA GroM · age_up castle |
| 21:01 | BALROG · wall_segment Stone Wall x17 |
| 21:45 | alsteens.l · first_market_buy 100 stone |
| 21:54 | BALROG · wall_segment Stone Wall x1 |
| 22:03 | POA GroM · first_market_buy 100 stone |
| 22:34 | BALROG · first_market_buy 100 stone |
| 22:37 | BALROG · first_market_sell 100 wood |
| 22:39 | BALROG · age_up castle |
| 22:51 | BALROG · first_building Monastery |
| 23:07 | BALROG · first_building Siege Workshop |
| 23:08 | alsteens.l · first_building Monastery |
| 23:10 | POA GroM · first_building Castle |
| 23:14 | alsteens.l · first_building Barracks |
| 23:57 | POA GroM · wall_segment Stone Wall x16 |
| 24:20 | H95 · first_building Siege Workshop |
| 24:33 | BALROG · wall_segment Stone Wall x4 |
| 24:50 | ACHMP | SirAlexander24 · first_market_sell 100 wood |
| 24:51 | ACHMP | SirAlexander24 · first_market_buy 100 food |
| 25:43 | skskska · first_building Castle |
| 25:46 | ACHMP | SirAlexander24 · first_building Siege Workshop |
| 25:57 | skskska · first_building Monastery |
| 26:00 | alsteens.l · first_building Archery Range |
| 26:15 | alsteens.l · first_building Castle |
| 26:23 | alsteens.l · first_building Stable |
| 26:30 | alsteens.l · first_building Siege Workshop |
| 27:45 | POA GroM · first_building Monastery |
| 27:47 | ACHMP | SirAlexander24 · wall_segment Palisade Wall x5 |
| 27:58 | BALROG · age_up imperial |
| 28:00 | ACHMP | SirAlexander24 · first_building Stable |
| 28:04 | ACHMP | SirAlexander24 · age_up imperial |
| 28:28 | BALROG · first_building Barracks |
| 28:45 | POA GroM · wall_segment Stone Wall x5 |
| 29:25 | skskska · first_building Barracks |
| 29:41 | skskska · age_up imperial |
| 29:46 | POA GroM · wall_segment Stone Wall x9 |
| 29:50 | alsteens.l · age_up imperial |
| 30:27 | BALROG · first_building Archery Range |
| 30:36 | ACHMP | SirAlexander24 · resign |
| 33:16 | alsteens.l · wall_segment Stone Wall x4 |
| 33:52 | skskska · first_building Archery Range |
| 33:56 | skskska · first_building Stable |
| 34:23 | H95 · first_building Barracks |
| 34:57 | POA GroM · first_market_sell 100 wood |
| 34:59 | H95 · first_building Archery Range |
| 36:22 | H95 · age_up imperial |
| 36:30 | alsteens.l · wall_segment Stone Wall x4 |
| 36:56 | fru1tyJuice · first_building Castle |
| 38:09 | H95 · first_market_sell 100 food |
| 39:10 | submach · age_up imperial |
| 39:14 | submach · first_building Barracks |
| 40:00 | POA GroM · first_building Siege Workshop |
| 40:00 | submach · first_building Archery Range |
| 40:29 | fru1tyJuice · first_building Archery Range |
| 41:34 | BALROG · first_building Castle |
| 41:50 | fru1tyJuice · age_up imperial |
| 42:19 | fru1tyJuice · first_market_sell 100 wood |
| 43:14 | fru1tyJuice · first_building Siege Workshop |
[ AI ANALYSIS · 1 CREDIT ]
What really happened in this match?
Wolo.gg analyzes every decision: build order, eco, micro, common mistakes by bracket. Personalized analysis on WhatsApp or Discord in 30 seconds.
Civ guide
Berbers
Map guide
Arena
Perfil
Jugador #769699